 Dungeon Crawl Stone Soup version 0.29.1-13-g9f3cf754e1 (webtiles) character file.

Game seed: 1132859252518196627

51 Thatpatchoflichen the Trooper (level 3, -6/40 HPs)
             Began as an Ogre Fighter on Jan 30, 2023.
             Killed by divine providence
             ... invoked by an orc priest
              (15 damage)
             ... on level 2 of the Dungeon.
             The game lasted 00:02:52 (2269 turns).

Thatpatchoflichen the Trooper (Ogre Fighter)        Turns: 2269, Time: 00:02:52

Health: -6/40      AC:  3    Str: 20    XL:     3   Next: 83%
Magic:  3/3        EV:  9    Int:  9    God:
Gold:   145        SH:  7    Dex: 10    Spells: 2/2 levels left

rFire   + . .      SeeInvis .   a - +0 long sword
rCold   . . .      Faith    .   c - +0 kite shield
rNeg    . . .      Spirit   .   b - +0 robe
rPois   .          Reflect  .   (helmet restricted)
rElec   .          Harm     .   (no cloak)
rCorr   .          Rampage  .   (gloves unavailable)
Will    .....                   (boots unavailable)
Stlth   +.........              (no amulet)
HPRegen 0.13/turn               m - ring of protection from fire
MPRegen 0.08/turn               (no ring)

@: no status effects
A: large, unfitting armour, tough skin 1
a: no special abilities


You were on level 2 of the Dungeon.
You visited 1 branch of the dungeon, and saw 3 of its levels.

You collected 145 gold pieces.

Inventory:

Hand Weapons
 a - a +0 long sword (weapon)
Missiles
 q - 4 boomerangs (quivered)
Armour
 b - a +0 robe (worn)
 c - a +0 kite shield (worn)
Jewellery
 m - a ring of protection from fire (left hand)
 p - the ring of Royalty {+Blink Slay+3 SInv}
   (You found it on level 2 of the Dungeon)

   [ring of see invisible]

   Slay:      It affects your accuracy & damage with ranged weapons and melee
   (+3).
   SInv:      It lets you see invisible.
   +Blink:    It lets you blink.
Scrolls
 g - 3 scrolls of blinking {unknown}
 i - 2 scrolls of teleportation {unknown}
 k - a scroll of identify {unknown}
 l - 2 scrolls of vulnerability {unknown}
 o - a scroll of enchant armour {unknown}
Potions
 d - a potion of might
 e - 3 potions of curing {unknown}
 f - a potion of heal wounds {unknown}
 h - a potion of attraction {unknown}
 j - a potion of degeneration {unknown}
 n - 2 potions of lignification {unknown}


   Skills:
 + Level 4.6 Fighting
 + Level 2.4 Long Blades
 + Level 3.1 Dodging
 + Level 3.4 Shields


You had 2 spell levels left.
You didn't know any spells.
Your spell library contained the following spells:

 Spells                   Type           Power      Damage    Failure   Level
 Iskenderun's Mystic Bla  Conj/Tloc      0%         2d3       100%        4
 Iskenderun's Battlesphe  Conj           0%         2d6       100%        5
 Summon Mana Viper        Hex/Summ       0%         N/A       100%        5


Dungeon Overview and Level Annotations

Branches:
Dungeon (3/15)

Altars:


Innate Abilities, Weirdness & Mutations

You are too large for most types of armour.
You have tough skin. (AC +1)


Message History

You see here a +1 mace of holy wrath.
There is a stone staircase leading down, spattered with blood here.
You climb downwards.
The jackal misses you. The jackal closely misses you.
There is a stone staircase leading up here.
The jackal bites you but does no damage.
You climb upwards.
There is a stone staircase leading down, spattered with blood here.
You closely miss the jackal. The jackal barely misses you. x2
You closely miss the jackal. The jackal bites you.
You block the jackal's attack.
You slash the jackal!
You kill the jackal!
Things that are here:
a +0 club; a jackal corpse
There is a stone staircase leading down, spattered with blood here.
You climb downwards.
The orc wizard points at you and mumbles some strange words.
The puff of flame hits you. You resist.
There is a stone staircase leading up here.
There is a stone staircase leading up here.
The orc priest hits you with a +0 whip.
You climb upwards.
There is a stone staircase leading down, spattered with blood here.
You closely miss the orc priest. The orc priest hits you with a +0 whip.
You hit the orc priest.
The orc priest is lightly wounded.
The orc priest calls down the wrath of Beogh upon you.
Pain shoots through your body!
* * * LOW HITPOINT WARNING * * *
The orc priest hits you with a +0 whip.
* * * LOW HITPOINT WARNING * * *
You hit the orc priest.
The orc priest is moderately wounded.
You block the orc priest's attack.
You barely miss the orc priest.
The orc priest is moderately wounded.
You block the orc priest's attack.
The orc priest invokes the aid of Beogh against you.
Beogh smites you!
You die...

..#.#.###.##.......#####.##......
#.#.#.....##.......# #.#.......
..#.################ #.#..(....
###.# #####.#....##. #.#
########............. #.#######
#........##.......... #.......#
#........##.###...... #.......#
#...o....##. #.##### #.#.......#
#..)@....##. #...... #.#.......+
+...)....##. #...... #.##......#
#..)....###. #......
#.##......###.......###. #......
#.##......##..........# #......
#.##......##.########.#+###......
#.##......##. #.....#......
...'......... #.....####...
#<##......## ..##...........#


You could see an orc priest.

Vanquished Creatures
  An adder (D:2)
  A dart slug (D:1)
  2 orcs (D:2)
  4 endoplasms (D:1)
  3 hobgoblins
  5 jackals (D:2)
  A kobold (D:1)
  A quokka (D:2)
  4 ball pythons
  A bat (D:2)
  3 frilled lizards
  6 goblins
  2 rats (D:1)
34 creatures vanquished.

Notes
Turn   | Place    | Note
-------+----------+-------------------------------------------
     0 | D:1      | Thatpatchoflichen the Ogre Fighter began the quest for the
                  | Orb.
     0 | D:1      | Reached XP level 1. HP: 24/24 MP: 1/1
   347 | D:1      | Reached XP level 2. HP: 26/32 MP: 2/2
   724 | D:1      | HP: 1/32 [endoplasm (1)]
  1661 | D:2      | Reached XP level 3. HP: 40/40 MP: 3/3
  1991 | D:2      | Identified the ring of Royalty {+Blink Slay+3 SInv}
  2022 | D:2      | Noticed a golden eye
  2024 | D:2      | Found a faded altar of an unknown god.
  2026 | D:2      | Noticed a floating eye
  2027 | D:2      | Noticed a floating eye
  2027 | D:2      | Noticed a golden eye
  2140 | D:2      | Got the Encyclopedia of Anarchy
  2269 | D:2      | Killed from afar by an orc priest

Illustrated notes

Levels and vault maps discovered:
D:1:      co_arrival_random_square_maze, layout_basic
D:2:      layout_basic, hellmonk_ecumenical_altar_watching_god
D:3:      layout_loops_ring, amcnicky_mini_corridor_feature

Skill      XL: |  1  2 |
---------------+-------+-----
Long Blades    | 2 |  2.4
Dodging        | 3 |  3.1
Fighting       | |  4.6
Shields        | |  3.4

Action                   || total
-------------------------++-------
Melee: Long sword        ||   112
Armor: Robe              ||    33
Dodge: Dodged            ||    38
Block: Kite shield       ||    47
